 Dungeon Crawl Stone Soup version 0.31-a0-217-g58bb5d79cf (webtiles) character file.

Game seed: 5988146792494301608

29 qw the Shooter (level 3, -1/21 HPs)
             Began as a Gargoyle Hexslinger on July 3, 2023.
             Slain by a cerulean imp
             ... wielding a +2 spear
             ... summoned by Natasha
              (5 damage)
             ... on level 2 of the Dungeon.
             The game lasted 00:00:20 (957 turns).

qw the Shooter (Gargoyle Hexslinger)                 Turns: 957, Time: 00:00:20

Health: -1/21      AC:  5    Str: 11    XL:     3   Next: 16%
Magic:  4/4        EV: 12    Int: 13    God:
Gold:   28         SH:  0    Dex: 14    Spells: 3/4 levels left

rFire   . . .        Y - +1 sling
rCold   . . .        (no shield)
rNeg    + . .        c - +0 robe
rPois   inf          (no helmet)
rElec   +            (no cloak)
rCorr   .            (no gloves)
SInv    .            (no boots)
Will    .....        (no amulet)
Stlth   +            (no ring)
HPRegen 0.23/turn    (no ring)
MPRegen 0.09/turn

%: no passive effects
@: about to teleport
A: sickness immunity, AC +3, negative energy resistance 1, electricity
resistance, torment resistance 1, petrification resistance
a: no special abilities


You were on level 2 of the Dungeon.
You visited 1 branch of the dungeon, and saw 2 of its levels.

You collected 28 gold pieces.


Innate Abilities, Weirdness & Mutations

You are immune to sickness and miasma.
Your stone body is resilient. (AC +3)
You are immune to poison.
You resist negative energy. (rN+)
You are resistant to electric shocks. (rElec)
You are resistant to unholy torment.
You are immune to petrification.


   Skills:
 - Level 2.1 Fighting
 + Level 3.0 Ranged Weapons
 - Level 1.5 Dodging
 - Level 1.0 Spellcasting
 - Level 2.6 Hexes


You had 3 spell levels left.
You knew the following spells:

 Your Spells              Type           Power      Damage    Failure   Level
a - Slow                  Hex            28%        N/A       10%         1

Your spell library contained the following spells:

 Spells                   Type           Power      Damage    Failure   Level
 Inner Flame              Hex/Fire       4%         N/A       43%         3
 Portal Projectile        Hex/Tloc       8%         N/A       43%         3
 Cause Fear               Hex            3%         N/A       67%         4

Inventory:

Hand Weapons
 Y - a +1 sling (weapon)
Armour
 c - a +0 robe (worn)
Potions
 e - a potion of heal wounds {unknown}

Dungeon Overview and Level Annotations

Branches:
Dungeon (2/15)

Altars:

Shops:
D:1 *

Annotations:
D:2 Natasha


Message History

You shoot a sling bullet.
The sling bullet closely misses the cerulean imp.
The sling bullet hits Natasha.
Natasha is heavily wounded.
Natasha casts a spell.
The cerulean imp hits you with a +1 spear.
You shoot a sling bullet.
The sling bullet completely misses the cerulean imp.
The sling bullet hits Natasha but does no damage.
Natasha is heavily wounded.
The cerulean imp misses you. The cerulean imp closely misses you.
You shoot a sling bullet.
The sling bullet barely misses the cerulean imp.
The sling bullet barely misses Natasha.
The sling bullet barely misses the cerulean imp. x2
The cerulean imp completely misses you.
You shoot a sling bullet.
The sling bullet barely misses the cerulean imp.
The sling bullet hits Natasha!
Natasha is almost dead.
The cerulean imp hits you but does no damage.
You shoot a sling bullet. The sling bullet hits the cerulean imp.
The cerulean imp is almost dead.
The cerulean imp barely misses you.
You shoot a sling bullet.
The sling bullet barely misses the cerulean imp.
The sling bullet barely misses Natasha.
The sling bullet misses the cerulean imp.
The sling bullet hits the cerulean imp but does no damage.
The cerulean imp barely misses you.
You shoot a sling bullet. The sling bullet hits the cerulean imp.
You kill the cerulean imp!
The cerulean imp disappears in a puff of smoke!
Natasha stares at you and mumbles some strange words.
The magic dart hits you!
957 ||| READING scroll of teleportation.
As you read the scroll of teleportation, it crumbles to dust.
You feel strangely unstable.
The cerulean imp hits you from afar with a +2 spear.
You die...

#....#........#.#....
###########..#.#.####
#........#P#.#P_.
#.#..##....^^^^..
.#####..........
.......<#.####..
##########..#####.
#.................
#@################
#h# #5# #5# #.# #.#
#.# #.#


You could see Natasha and 2 cerulean imps.

Vanquished Creatures
  An adder (D:2)
  A worm (D:2)
  2 giant cockroaches (D:1)
  3 goblins
  2 hobgoblins (D:1)
  2 quokkas (D:1)
  A ball python (D:1)
  A frilled lizard (D:1)
  3 kobolds (D:1)
  A rat (D:2)
17 creatures vanquished.

Notes
Turn   | Place    | Note
-------+----------+-------------------------------------------
     0 | D:1      | qw the Gargoyle Hexslinger began the quest for the Orb.
     0 | D:1      | Reached XP level 1. HP: 12/12 MP: 2/2
     0 | D:1      | 0 ||| qw: Version: 0.3-a-40-ge99b1a8
     0 | D:1      | 0 ||| qw: Game counter: 285
     0 | D:1      | 0 ||| qw: Melee chars always use a shield: true
     0 | D:1      | 0 ||| qw: God list: Okawaru
     0 | D:1      | 0 ||| qw: Allow faded altars: false
     0 | D:1      | 0 ||| qw: Do Orc after clearing Dungeon:15 true
     0 | D:1      | 0 ||| qw: Do second Lair branch before Depths: true
     0 | D:1      | 0 ||| qw: Lair rune preference: random
     0 | D:1      | 0 ||| qw: Goals: Normal
     0 | D:1      | 0 ||| PLANNING D:1-11
   126 | D:1      | Reached XP level 2. HP: 16/16 MP: 3/3
   494 | D:1      | Found Diblaub's General Store.
   503 | D:1      | 503 ||| SHOPLISTING potion of heal wounds (55 gold, have
                  | 17).
   503 | D:1      | 503 ||| SHOPLISTING wand of digging (9) (415 gold, have
                  | 17).
   607 | D:1      | Reached skill level 3 in Ranged Weapons
   799 | D:1      | 799 ||| READING 2 scrolls labelled MIMAGOQ QOATEK.
   803 | D:1      | 803 ||| READING scroll labelled MYRIT WUUT.
   804 | D:1      | 804 ||| READING scroll labelled TIUGONKOHESCH.
   805 | D:1      | 805 ||| READING scroll labelled GAK LOMUUWN.
   806 | D:1      | 806 ||| DROPPING scroll of poison.
   812 | D:2      | Found a faded altar of an unknown god.
   884 | D:2      | Reached XP level 3. HP: 21/21 MP: 4/4
   935 | D:2      | Noticed Natasha
   956 | D:2      | HP: 3/21 [Natasha/magic dart (9)]
   957 | D:2      | 957 ||| READING scroll of teleportation.
   957 | D:2      | Slain by a cerulean imp

Levels and vault maps discovered:
D:1:      lightli_arrival_farm, layout_basic, serial_shops,
          nicolae_shop_just_a_little_nook
D:2:      layout_basic, shapermc_ecumenical_altar_rom_forum, uniq_natasha

Skill      XL: |  1  2 |
---------------+-------+-----
Ranged Weapons | 3 |  3.0
Fighting       | 2 |  2.1
Dodging        | |  1.5
Spellcasting   | |  1.0
Hexes          | |  2.6

Action                     || total
---------------------------++-------
   Fire: Sling             ||    85
    Use: Scroll            ||     5
 Armour: Robe              ||     8
  Dodge: Dodged            ||    23

Table legend:
 A = Non-vault XP
 B = Vault XP
 C = Vault XP percentage of total XP
 D = Non-vault monster count
 E = Vault monster count
 F = Vault count percentage of total count
                 A         B        C        D         E       F
            +---------+---------+-------+---------+---------+-------
      Total |      42 |       0 |   0.0 |      17 |       0 |   0.0
            +---------+---------+-------+---------+---------+-------
        D:1 |      21 |       0 |   0.0 |      13 |       0 |   0.0
        D:2 |      21 |       0 |   0.0 |       4 |       0 |   0.0
            +---------+---------+-------+---------+---------+-------
